 Dungeon Crawl Stone Soup version 0.23.2-1-ga50397a (webtiles) character file.

Game seed: 8681707949385790105

125 diana the Slasher (level 4, 0/34 HPs)
             Began as a Demonspawn Gladiator on May 6, 2019.
             Succumbed to an adder's poison
             ... on level 3 of the Dungeon.
             The game lasted 00:02:30 (3402 turns).

diana the Slasher (Demonspawn Gladiator)            Turns: 3402, Time: 00:02:30

Health: 0/34       AC:  4    Str: 15    XL:     4   Next: 82%
Magic:  4/4        EV: 13    Int: 14    God:
Gold:   104        SH:  0    Dex: 15    Spells: 3/3 levels left

rFire    . . .     SeeInvis .   a - +0 long sword
rCold    . . .     Gourm    .   (no shield)
rNeg     . . .     Faith    .   b - +0 leather armour
rPois    .         Spirit   .   c - +0 helmet
rElec    .         Reflect  .   (no cloak)
rCorr    .         Harm     .   (no gloves)
MR       .....                  (no boots)
Stlth    ++++......             (no amulet)
HPRegen  0.11/turn              (no ring)
MPRegen  0.09/turn              (no ring)

@: brilliant, lethally poisoned (0 -> -3)
A: nightstalker 2, rot immunity
a: no special abilities


You were on level 3 of the Dungeon.
You were not hungry.

You visited 1 branch of the dungeon, and saw 4 of its levels.

You collected 104 gold pieces.

Inventory:

Hand Weapons
 a - a +0 long sword (weapon)
Missiles
 d - 4 throwing nets (quivered)
Armour
 b - a +0 leather armour (worn)
 c - a +0 helmet (worn)
Jewellery
 q - a +2 ring of strength {unknown}
Scrolls
 e - 3 scrolls of identify {unknown}
 g - a scroll of immolation {unknown}
 h - 2 scrolls of fear {unknown}
 i - a scroll of fog {unknown}
 k - 2 scrolls of blinking {unknown}
 l - a scroll of enchant armour {unknown}
 m - 2 scrolls of remove curse {unknown}
 p - a scroll of teleportation {unknown}
 s - a scroll of amnesia {unknown}
Potions
 o - a potion of curing {unknown}
 r - a potion of resistance {unknown}
Comestibles
 f - 6 rations


   Skills:
 + Level 2.5 Fighting
 + Level 3.7 Long Blades
 + Level 2.0 Throwing
 + Level 1.3 Armour
 + Level 3.3 Dodging
 + Level 1.2 Stealth


You had 3 spell levels left.
You didn't know any spells.
Your spell library was empty.

Dungeon Overview and Level Annotations

Branches:
Dungeon (4/15)
 Temple: D:4-7

Altars:
Kikubaaqudgha
Sif Muna
Uskayaw
Wu Jian
Xom
Zin

Annotations:
D:2 1 runed translucent door, Crazy Yiuf


Innate Abilities, Weirdness & Mutations

You are significantly more attuned to the shadows.
You are immune to rotting.


Message History

The adder barely misses you. The orc priest closely misses you.
You hit the orc priest but do no damage.
The orc priest is severely wounded.
The adder bites you. x2
You are poisoned.
The adder poisons you! The orc priest completely misses you.
You closely miss the orc priest.
The orc priest is severely wounded.
You feel sick. The adder bites you but does no damage.
The orc priest hits you with a +0 flail of protection.
The adder bites you.
You barely miss the orc priest.
The orc priest is severely wounded.
The adder bites you but does no damage.
The orc priest calls down the wrath of Beogh upon you.
Pain shoots through your body!
* * * LOW HITPOINT WARNING * * *
You hit the orc priest.
The orc priest is almost dead.
You die...

...####
#....>...................
...#
#........................
.[.#
#........................
...#
#........................
...####
#........................
......#
#........................
......#
#........................
......#
#.......S................
......#
#.......@................
......#
#........o....[..........
......#
#........................
......#
#..........<.............
#######
#.....(..................
#........................
#........................
#.............(..........
#........................


You could see an orc priest and an adder.

Vanquished Creatures
  3 adders
  An ooze (D:2)
  3 worms
  3 dart slugs
  4 leopard geckos
  2 orcs
  4 giant cockroaches
  7 goblins
  10 hobgoblins
  4 jackals (D:2)
  2 ball pythons (D:3)
  5 bats
  4 frilled lizards
  10 kobolds
  10 rats
72 creatures vanquished.

Notes
Turn   | Place    | Note
-------+----------+-------------------------------------------
     0 | D:1      | diana the Demonspawn Gladiator began the quest for the Orb.
     0 | D:1      | Reached XP level 1. HP: 16/16 MP: 1/1
   287 | D:1      | Gained mutation: You are slightly more attuned to the
                  | shadows. [demonic ancestry]
   287 | D:1      | Reached XP level 2. HP: 21/22 MP: 2/2
   675 | D:1      | Gained mutation: You are immune to rotting. [demonic
                  | ancestry]
   675 | D:1      | Reached XP level 3. HP: 18/27 MP: 3/3
  1674 | D:2      | Found a deep blue altar of Sif Muna.
  1674 | D:2      | Found a shimmering altar of Xom.
  1710 | D:2      | Found a glowing silver altar of Zin.
  1735 | D:2      | Found an ornate altar of the Wu Jian Council.
  1750 | D:2      | Reached skill level 1 in Armour
  1750 | D:2      | Gained mutation: You are significantly more attuned to the
                  | shadows. [demonic ancestry]
  1750 | D:2      | Reached XP level 4. HP: 34/34 MP: 4/4
  1798 | D:2      | Found a runed translucent door.
  1800 | D:2      | Noticed Crazy Yiuf
  2454 | D:3      | Reached skill level 1 in Stealth
  3005 | D:3      | Found an ancient bone altar of Kikubaaqudgha.
  3258 | D:3      | Found a hide-covered altar of Uskayaw.
  3390 | D:4      | Noticed a phantom
  3390 | D:4      | HP: 1/34 [orc priest/+0 flail of protection (6)]
  3401 | D:3      | HP: 1/34 [orc priest/nerve-wracking pain (11)]
  3402 | D:3      | Succumbed to an adder's poison

Skill      XL: |  1  2  3  4 |
---------------+-------------+-----
Throwing       | 2 |  2.0
Long Blades    | 3 |  3.7
Dodging        | 3 |  3.3
Armour         | 1 |  1.3
Stealth        | 1 |  1.2
Fighting       | |  2.5

Action                   |  1- 3 |  4- 6 || total
-------------------------+-------+-------++-------
Melee: Long sword        |   111 |    90 ||   201
  Use: Potion            |       |     2 ||     2
 Stab: Sleeping          |     7 |     8 ||    15
       Distracted        |     1 |       ||     1
  Eat: Chunk             |     2 |     6 ||     8
Armor: Leather armour    |    52 |    22 ||    74
Dodge: Dodged            |    92 |    74 ||   166
       Rpst.: Long sword |    31 |    16 ||    47
